 Dungeon Crawl Stone Soup version 0.21.1 (webtiles) character file.

151 theElss the Cudgeler (level 5, -2/33 HPs)
             Began as a Gargoyle Berserker on Feb 3, 2018.
             Was a Believer of Trog.
             Killed from afar by Sigmund (7 damage)
             ... with a puff of flame
             ... on level 4 of the Dungeon.
             The game lasted 00:06:30 (2264 turns).

theElss the Cudgeler (Gargoyle Berserker)           Turns: 2264, Time: 00:06:31

Health: -2/33      AC: 12    Str: 20    XL:     5   Next: 33%
Magic:  5/5        EV:  8    Int:  8    God:    Trog [**....]
Gold:   138        SH:  0    Dex: 10    Spells: 4/4 levels left

rFire    . . .     SeeInvis .   a - +0 mace
rCold    . . .     Gourm    .   (no shield)
rNeg     + . .     Faith    .   r - +0 chain mail
rPois    ∞         Spirit   .   (no helmet)
rElec    +         Reflect  .   (no cloak)
rCorr    .         Harm     .   (no gloves)
MR       ++...                  (no boots)
Stlth    ..........             (no amulet)
HPRegen  1.11/turn              (no ring)
MPRegen  0.09/turn              (no ring)

@: berserk cooldown, starving, regenerating, slowed, very slow
A: negative energy resistance 1, electricity resistance, unbreathing,
petrification resistance, rot immunity, AC +4
a: Berserk, Trog's Hand, Burn Spellbooks, Renounce Religion


You were on level 4 of the Dungeon.
You worshipped Trog.
Trog was pleased with you.
You were starving.

You visited 1 branch of the dungeon, and saw 4 of its levels.

You collected 138 gold pieces.

Inventory:

Hand Weapons
 a - a +0 mace (weapon)
Armour
 b - a +0 animal skin
 r - a +0 chain mail (worn)
Jewellery
 h - an uncursed ring of see invisible {unknown}
Wands
 t - a wand of enslavement (17)
Scrolls
 f - 4 scrolls of identify {unknown}
 g - 4 scrolls of remove curse {unknown}
 i - a scroll of amnesia {unknown}
 m - 5 scrolls of teleportation {unknown}
 n - 2 scrolls of enchant armour {unknown}
 p - a scroll of blinking {unknown}
 q - 2 scrolls of enchant weapon {unknown}
Potions
 e - a potion of mutation {unknown}
 j - a potion of ambrosia {unknown}
 k - a potion of agility {unknown}
 l - a potion of lignification {unknown}
 o - a potion of flight {unknown}
 s - 2 potions of haste {unknown}
Comestibles
 c - 9 rations


   Skills:
 + Level 3.7 Fighting
 * Level 5.1 Maces & Flails
 + Level 2.6 Armour
 + Level 2.1 Dodging


You had 4 spell levels left.
You didn't know any spells.

Dungeon Overview and Level Annotations

Branches:
Dungeon (4/15)
 Temple: D:4-7

Altars:
Fedhas
Kikubaaqudgha
Makhleb
Nemelex Xobeh
Xom

Annotations:
D:4 Sigmund


Innate Abilities, Weirdness & Mutations

You are resistant to torment.
Your stone body is resilient. (AC +4)
You are immune to poison.
You resist negative energy. (rN+)
You are resistant to electric shocks. (rElec)
You can survive without breathing.
You are immune to petrification.
You are immune to rotting.


Message History

Something hits you but does no damage.
You miss something. Something hits you. x2
* * * LOW HITPOINT WARNING * * *
Unknown command.
You closely miss something. Something hits you but does no damage.
You closely miss something. Something hits you.
* * * LOW HITPOINT WARNING * * *
Unknown command.
You hit something but do no damage.
You hear some strange, mumbled words.
A magic dart appears from out of thin air!
The magic dart hits you!
* * * LOW HITPOINT WARNING * * *
Unknown command.
You closely miss something.
You feel the effects of Trog's Hand fading.
You hear some strange, mumbled words.
A puff of flame appears from out of thin air!
The puff of flame hits you!
You die...

##...#########.#
###.....#### ##.##
#..[)......# ##...##
#.#÷....##.###.###.#
# ##<).###.....# #.#
##.## ###{###.# #.#
##...##
#.##########.##
#.......@{...#
##############


There were no monsters in sight!

Vanquished Creatures
  An orc priest (D:4)
  An orc wizard (D:3)
  3 adders (D:2)
  An ooze (D:1)
  A dart slug (D:1)
  2 leopard geckos
  6 orcs
  5 giant cockroaches
  8 goblins
  5 hobgoblins
  A quokka (D:3)
  6 bats
  A frilled lizard (D:2)
  5 kobolds
  6 rats
52 creatures vanquished.

Notes
Turn   | Place    | Note
-------+----------+-------------------------------------------
     0 | D:1      | theElss the Gargoyle Berserker began the quest for the Orb.
     0 | D:1      | Reached XP level 1. HP: 14/14 MP: 1/1
    92 | D:1      | Reached XP level 2. HP: 19/19 MP: 2/2
   517 | D:1      | Reached XP level 3. HP: 22/23 MP: 3/3
   734 | D:1      | Found a shimmering altar of Xom.
   736 | D:1      | Found a burning altar of Makhleb.
   736 | D:1      | Found a glowing golden altar of the Shining One.
   738 | D:1      | Found a sparkling altar of Nemelex Xobeh.
   738 | D:1      | Found a blossoming altar of Fedhas.
   738 | D:1      | Found an ancient bone altar of Kikubaaqudgha.
   957 | D:2      | Reached skill level 4 in Maces & Flails
  1004 | D:2      | Reached ** piety under Trog
  1185 | D:2      | Found an ancient bone altar of Kikubaaqudgha.
  1236 | D:2      | Reached XP level 4. HP: 24/28 MP: 4/4
  1986 | D:4      | Reached skill level 5 in Maces & Flails
  1986 | D:4      | Reached XP level 5. HP: 19/33 MP: 5/5
  2231 | D:4      | Noticed Sigmund
  2264 | D:4      | Killed from afar by Sigmund

Skill      XL: |  1  2  3  4 |
---------------+-------------+-----
Dodging        | 2 |  2.1
Maces & Flails | 4 5 |  5.1
Fighting       | |  3.7
Armour         | |  2.6

Action                   |  1- 3 |  4- 6 || total
-------------------------+-------+-------++-------
Melee: Mace              |   123 |    96 ||   219
Invok: Berserk           |       |     4 ||     4
       Trog's Hand       |       |     2 ||     2
 Stab: Sleeping          |     1 |       ||     1
  Eat: Chunk             |     1 |     6 ||     7
Armor: Animal skin       |    31 |       ||    31
       Chain mail        |    32 |    95 ||   127
Dodge: Dodged            |   111 |    64 ||   175
